 Dungeon Crawl Stone Soup version 0.30-a0-723-gc1506a1cf0 (webtiles) character file.

Game seed: 18283361869428431929

44 jimonade the Sneak (level 3, -1/18 HPs)
             Began as a Vine Stalker Brigand on Jan 28, 2023.
             Slain by a gnoll
             ... wielding a +0 spear
              (5 damage)
             ... on level 2 of the Dungeon.
             The game lasted 00:02:11 (991 turns).

jimonade the Sneak (Vine Stalker Brigand)            Turns: 991, Time: 00:02:11

Health: -1/18      AC:  3    Str: 13    XL:     3   Next: 62%
Magic:  0/4        EV: 11    Int: 11    God:
Gold:   47         SH:  0    Dex: 17    Spells: 2/2 levels left

rFire   . . .      SeeInvis .    a - +2 dagger
rCold   . . .      Faith    .    (no shield)
rNeg    . . .      Spirit   +    m - +0 robe
rPois   +          Reflect  .    (no helmet)
rElec   .          Harm     .    c - +0 cloak
rCorr   .          Rampage  .    (no gloves)
Will    .....                    (no boots)
Stlth   +++                      (no amulet)
HPRegen 0.23/turn                k - ring of poison resistance
MPRegen 0.09/turn                (no ring)

@: no status effects
A: fangs 2, magic shield, antimagic bite, no potion heal 2
a: no special abilities


You were on level 2 of the Dungeon.
You visited 1 branch of the dungeon, and saw 2 of its levels.

You collected 47 gold pieces.

Inventory:

Hand Weapons
 a - a +2 dagger (weapon)
 b - a +0 short sword of flaming
Missiles
 d - 14 poisoned darts (quivered)
 e - 3 curare-tipped darts
Armour
 c - a +0 cloak (worn)
 m - a +0 robe (worn)
Jewellery
 k - a ring of poison resistance (left hand)
Scrolls
 g - a scroll of noise {unknown}
 i - 2 scrolls of identify {unknown}
 l - a scroll of torment {unknown}
Potions
 f - a potion of lignification {unknown}
 h - a potion of ambrosia {unknown}
 j - a potion of haste {unknown}


   Skills:
 - Level 1.7 Fighting
 * Level 2.5 Short Blades
 - Level 1.7 Throwing
 - Level 0.7 Dodging
 + Level 6.0 Stealth


You had 2 spell levels left.
You didn't know any spells.
Your spell library was empty.

Dungeon Overview and Level Annotations

Branches:
Dungeon (2/15)

Altars:


Innate Abilities, Weirdness & Mutations

You have extremely sharp teeth.
When hurt, damage is shared between your health and your magic reserves.
Your bite disrupts and absorbs the magic of your enemies.
Potions cannot restore your health.


Message History

The jackal closely misses you. The jackal barely misses you.
The jackal bites you.
You closely miss the jackal. You bite the jackal. You drain its power.
The jackal is lightly wounded.
The jackal bites you.
You miss the jackal. Your bite misses the jackal.
The jackal is lightly wounded.
The jackal bites you but does no damage.
The jackal barely misses you.
You hit the jackal. You bite the jackal.
You kill the jackal!
You see here a jackal corpse.
You see here a jackal corpse.
Found a short sword.
Found a glowing short sword.
You see here a +0 short sword.
You see here a +0 short sword of flaming.
m - a +0 short sword of flaming Adjust to which letter? (? for menu, Esc to quit)
b - a +0 short sword of flaming;
m - a +0 robe (worn)
Setting a skill training target for Short Blades at 10.0.
A gnoll comes into view. It is wielding a +0 whip.
A hobgoblin and 2 gnolls come into view.
Found a stone staircase leading down.
You hit the gnoll.
The gnoll is moderately wounded.
The hobgoblin shouts!
The gnoll shouts!
You hit the gnoll. You bite the gnoll, but do no damage.
The gnoll is severely wounded.
The gnoll closely misses you. The gnoll hits you with a +0 whip!
The gnoll attacks as you move away! The gnoll hits you with a +0 whip!
* * * LOW HITPOINT WARNING * * *
You hit the gnoll.
The gnoll is almost dead.
The gnoll closely misses you.
You hit the gnoll.
You kill the gnoll!
The gnoll hits you from afar with a +0 spear.
You die...

#### >..
#####.####
#..@)....#
#.###g.#.#
#.# .g#
#.# ....
#.# .#.g.
#.# .##.##
#.# .# g.
#.# .# ##
#.# .#


You could see 2 gnolls and a hobgoblin.

Vanquished Creatures
  An adder (D:2)
  A gnoll (D:2)
  2 worms (D:2)
  2 bats (D:1)
  4 endoplasms
  2 giant cockroaches (D:1)
  2 goblins
  3 hobgoblins
  A jackal (D:2)
  A quokka (D:1)
  7 ball pythons
  2 frilled lizards (D:1)
28 creatures vanquished.

Notes
Turn   | Place    | Note
-------+----------+-------------------------------------------
     0 | D:1      | jimonade the Vine Stalker Brigand began the quest for the
                  | Orb.
     0 | D:1      | Reached XP level 1. HP: 11/11 MP: 2/2
    89 | D:1      | Reached skill level 5 in Stealth
   235 | D:1      | Reached XP level 2. HP: 15/15 MP: 3/3
   309 | D:1      | Found a faded altar of an unknown god.
   789 | D:2      | Reached XP level 3. HP: 18/18 MP: 4/4
   895 | D:2      | Reached skill level 6 in Stealth
   991 | D:2      | Slain by a gnoll

Illustrated notes

Levels and vault maps discovered:
D:1:      lemuel_arrival_behind_the_door_small, layout_loops_cross,
          chequers_ecumenical_altar_island, minmay_surrounded
D:2:      layout_basic

Skill      XL: |  1  2  3 |
---------------+----------+-----
Stealth        | 5 6 |  6.0
Short Blades   | 2 |  2.5
Fighting       | |  1.7
Throwing       | |  1.7
Dodging        | |  0.7

Action                     || total
---------------------------++-------
  Melee: Dagger            ||    74
         Bite              ||    18
         Punch             ||     2
   Stab: Sleeping          ||    10
 Armour: Robe              ||    17
  Dodge: Dodged            ||    42

Table legend: (Time is in decaauts)
 A = Elapsed time spent in this place.
 B = Non-inter-level travel time spent in this place.
 C = Inter-level travel time spent in this place.
 D = Time resting spent in this place.
 E = Time spent auto-exploring this place.
 F = Levels seen in this place.
 G = Mean time per level.
                   A        B        C        D        E       F      G
               +--------+--------+--------+--------+--------+-----+--------+
         Total |    985 |    918 |     67 |     42 |    585 |   2 |  492.5 |
       Dungeon |    985 |    918 |     67 |     42 |    585 |   2 |  492.5 |
               +--------+--------+--------+--------+--------+-----+--------+

Top non-repeatable levels by time:
     D:1: 764 daAuts
     D:2: 221 daAuts
